 Dungeon Crawl Stone Soup version 0.26.0-45-g9c1d065592 (webtiles) character file.

Game seed: 5726380769949307513

11837 hawla the Destroyer (level 11, -6/86 HPs)
             Began as a Yellow Draconian Conjurer on Jan 31, 2021.
             Was an Initiate of Gozag.
             Mangled by Snorg (18 damage)
             ... on level 10 of the Dungeon.
             The game lasted 00:37:11 (16707 turns).

hawla the Destroyer (Yellow Draconian Conjurer)    Turns: 16707, Time: 00:37:12

Health: -6/86      AC: 16    Str: 10    XL:     11   Next: 54%
Magic:  3/26       EV: 12    Int: 21    God:    Gozag
Gold:   3262       SH:  5    Dex: 16    Spells: 26/33 levels left

rFire    . . .     SeeInvis .   y - +5 lajatang
rCold    . . .     Faith    .   (shield currently unavailable)
rNeg     . . .     Spirit   .   (armour unavailable)
rPois    .         Reflect  +   F - +2 hat {Will+}
rElec    .         Harm     .   E - +0 cloak
rCorr    +         Rampage  .   m - +1 pair of gloves
Will     +....                  G - +2 pair of boots
Stlth    ++........             i - amulet of reflection (curse)
HPRegen  0.24/turn              C - +6 ring of dexterity
MPRegen  0.20/turn              A - ring of wizardry

@: about to teleport
A: spit acid, unfitting armour, hooves 1, shaggy fur 1, cold-blooded, acid
resistance, AC +7
a: Breathe Acid, Renounce Religion, Potion Petition, Call Merchant, Bribe Branch


You were on level 10 of the Dungeon.
You worshipped Gozag.
Gozag was most pleased with you.
You visited 2 branches of the dungeon, and saw 11 of its levels.
You also visited: Sewer and Bailey.

You collected 3340 gold pieces.
You paid 78 gold pieces to Gozag.

Inventory:

Hand Weapons
 y - a +5 lajatang (weapon)
Missiles
 h - 35 boomerangs
 o - 5 curare-tipped darts
 s - 31 poisoned darts
Armour
 m - a +1 pair of gloves (worn)
 E - a +0 cloak (worn)
 F - a +2 hat of willpower (worn)
 G - a +2 pair of boots (worn)
Jewellery
 a - an uncursed amulet of faith
 i - a cursed amulet of reflection (around neck)
 A - a ring of wizardry (right hand)
 C - a +6 ring of dexterity (left hand)
 H - an uncursed ring of protection from cold {unknown}
Wands
 k - a wand of acid (6)
 q - a wand of polymorph (6)
 r - a wand of paralysis (8)
 u - a wand of flame (18)
 z - a wand of digging (5)
 J - a wand of random effects (18)
Scrolls
 d - 2 scrolls of remove curse
 f - 8 scrolls of amnesia
 j - a scroll of teleportation
 t - a scroll of fear
 B - 3 scrolls of identify
 D - 3 scrolls of magic mapping
Potions
 b - 2 potions of berserk rage
 e - 4 potions of curing
 g - a potion of brilliance
 l - a potion of haste
 n - 2 potions of magic
 p - 2 potions of might
 v - a potion of resistance
 x - a potion of flight
Miscellaneous
 I - a phial of floods


   Skills:
 - Level 5.0 Fighting
 - Level 4.0 Staves
 - Level 1.0 Throwing
 - Level 1.7 Dodging
 - Level 1.7 Stealth
 + Level 11.6 Spellcasting
 - Level 12.0 Conjurations
 - Level 2.0 Translocations
 - Level 2.0 Evocations


You had 26 spell levels left.
You knew the following spells:

 Your Spells              Type           Power        Failure   Level
a - Magic Dart            Conj           100%         1%          1
b - Searing Ray           Conj           100%         1%          2
c - Iskenderun's Mystic   Conj/Tloc      41%          1%          4

Your spell library contained the following spells:

 Spells                   Type           Power        Failure   Level
 Dazzling Flash           Conj/Hex       74%          1%          3
 Fulminant Prism          Conj/Hex       18%          1%          4
 Animate Skeleton         Necr           24%          2%          1
 Corona                   Hex            13%          2%          1
 Pain                     Necr           48%          2%          1
 Slow                     Hex            12%          3%          2
 Gell's Gravitas          Tloc           10%          3%          3
 Portal Projectile        Hex/Tloc       32%          4%          3
 Confusing Touch          Hex            12%          7%          3
 Inner Flame              Hex/Fire       12%          7%          3
 Vampiric Draining        Necr           6%           7%          3
 Animate Dead             Necr           6%           22%         4
 Cause Fear               Hex            6%           22%         4
 Leda's Liquefaction      Hex/Erth       6%           22%         4
 Petrify                  Tmut/Erth      12%          22%         4
 Agony                    Necr           12%          50%         5
 Metabolic Englaciation   Hex/Ice        6%           50%         5
 Yara's Violent Unravell  Hex/Tmut       6%           50%         5


Dungeon Overview and Level Annotations

Branches:
Dungeon (10/15)            Temple (1/1) D:5            Lair (0/6) D:9
  Sewer (visited)          Bailey (visited)
    Orc: D:9-12

Altars:
Cheibriados
Elyvilon
Fedhas
Gozag
Hepliaklqana
Okawaru
Qazlal
Ru
Uskayaw
Vehumet
Wu Jian
Yredelemnul

Shops:
D:10 *

Annotations:
D:10 1 runed translucent door, Snorg


Innate Abilities, Weirdness & Mutations

You can spit globs of acid.
Your golden yellow scales are hard. (AC +7)
You cannot fit into any form of body armour.
You are cold-blooded and may be slowed by cold attacks.
You are resistant to acid. (rCorr)
You have large cloven feet.
You are covered in fur. (AC +1)


Message History

* * * LOW HITPOINT WARNING * * *
Snorg closely misses you. Snorg claws you.
* * * LOW HITPOINT WARNING * * *
Casting: Iskenderun's Mystic Blast (mildly dangerous; 1% risk of failure)
Confirm with . or Enter, or press ? or * to list all spells.
You erupt in a blast of force!
The mystic blast hits Snorg!
Snorg is severely wounded.
Snorg is knocked back by the mystic blast.
You feel much better. Snorg closely misses you. You block Snorg's attack.
Snorg claws you.
As you read the scroll of teleportation, it crumbles to dust.
You feel strangely unstable. Snorg bites you.
Snorg claws you but does no damage. Snorg claws you!
* * * LOW HITPOINT WARNING * * *
Casting: Iskenderun's Mystic Blast (mildly dangerous; 1% risk of failure)
Confirm with . or Enter, or press ? or * to list all spells.
You don't have enough magic to cast that spell.
Snorg bites you!!
You die...
Your body crumbles into a pile of gold.

# #........####### ## ##.#####.#
.######## #.# ##.# .O(≈8≈≈.# #.#
#..# ..Y)≈≈..# #.####..# $
...T.T.## #.......# ######.#
#######.#######
######.##################.#..'..'
.....^.......OYT@.........').#..#
########################..#######
#......... #......... ##########


You could see Snorg (berserk), an ice beast and an ogre.

Vanquished Creatures
  Josephine (D:10)
  5 two-headed ogres
  2 unseen horrors (D:10)
  Psyche (D:9)
  3 kobold demonologists (D:10)
  A gargoyle (D:10)
  A hornet (D:9)
  Sigmund (D:3)
  5 wraiths (D:10)
  An acid dragon (D:10)
  4 orc warriors
  2 black bears
  2 ice beasts
  5 sky beasts
  A necrophage (D:10)
  4 ogres
  4 centaurs
  2 big kobolds
  6 bullfrogs
  4 wights (D:10)
  5 electric eels (D:9)
  A bullfrog zombie (D:10)
  3 hounds
  3 jellies
  3 centaur skeletons
  5 orc priests (D:7)
  11 orc wizards
  15 worker ants
  A killer bee zombie (D:9)
  A hound skeleton (D:8)
  A worker ant zombie (D:6)
  7 gnolls
  14 adders
  2 river rats (D:5)
  3 white imps
  An ufetubus (D:6)
  An ooze (D:3)
  An adder skeleton (D:7)
  8 worms
  4 dart slugs
  3 leopard geckos
  31 orcs
  6 giant cockroaches
  15 goblins
  7 hobgoblins
  23 jackals
  34 kobolds
  6 quokkas
  5 ball pythons
  5 bats
  14 frilled lizards
  A quokka skeleton (D:7)
  A quokka zombie (D:8)
  9 rats
305 creatures vanquished.

Vanquished Creatures (others)
  35 plants
35 creatures vanquished.

Grand Total: 340 creatures vanquished

Notes
Turn   | Place    | Note
-------+----------+-------------------------------------------
     0 | D:1      | hawla the Draconian Conjurer began the quest for the Orb.
     0 | D:1      | Reached XP level 1. HP: 14/14 MP: 3/3
   421 | D:1      | Reached skill level 1 in Fighting
   421 | D:1      | Reached XP level 2. HP: 5/23 MP: 0/5
   424 | D:1      | Learned a level 2 spell: Searing Ray
  1523 | D:2      | Reached XP level 3. HP: 29/29 MP: 1/6
  2300 | D:2      | Reached XP level 4. HP: 36/36 MP: 3/8
  2305 | D:2      | Learned a level 4 spell: Iskenderun's Mystic Blast
  3060 | D:2      | Reached skill level 1 in Translocations
  3474 | D:3      | Noticed Sigmund
  3533 | D:3      | Reached XP level 5. HP: 28/41 MP: 9/9
  3552 | D:3      | Killed Sigmund
  3553 | D:3      | Reached skill level 5 in Conjurations
  3553 | D:3      | Reached XP level 6. HP: 6/48 MP: 0/11
  4691 | D:4      | Reached skill level 6 in Conjurations
  4777 | D:4      | Your scales start taking on a golden yellow colour.
  4777 | D:4      | Reached XP level 7. HP: 55/55 MP: 9/14
  4777 | D:4      | Gained mutation: You are resistant to acid. (rCorr) [Yellow
                  | Draconian growth]
  4949 | D:4      | Reached skill level 5 in Spellcasting
  5379 | D:4      | Reached skill level 7 in Conjurations
  5750 | D:5      | Entered Level 5 of the Dungeon
  5789 | D:5      | Found a staircase to the Ecumenical Temple.
  5799 | Temple   | Entered the Ecumenical Temple
  5805 | Temple   | Became a worshipper of Gozag Ym Sagoz the Greedy
  6212 | D:5      | Found a glowing drain.
  6216 | Sewer    | Entered a sewer
  7070 | D:5      | Reached XP level 8. HP: 39/61 MP: 11/17
  7739 | D:6      | Found an iron altar of Okawaru.
  8144 | D:6      | Reached skill level 8 in Conjurations
  8202 | D:6      | Found an ornate altar of the Wu Jian Council.
  8236 | D:6      | Found a stormy altar of Qazlal.
  8239 | D:6      | Noticed an air elemental
  8904 | D:7      | Found a flagged portal.
  8918 | Bailey   | Entered a bailey
  9106 | Bailey   | Found a bloodstained altar of Trog.
  9187 | Bailey   | Reached skill level 9 in Conjurations
  9193 | Bailey   | Reached XP level 9. HP: 67/67 MP: 4/20
  9894 | D:7      | Found a basalt altar of Yredelemnul.
 10126 | D:7      | Found a snail-covered altar of Cheibriados.
 10281 | D:7      | Found a white marble altar of Elyvilon.
 10659 | D:7      | Found an ornate altar of the Wu Jian Council.
 10939 | D:8      | Noticed a two-headed ogre
 11078 | D:8      | Reached skill level 10 in Conjurations
 11085 | D:8      | Killed a two-headed ogre
 11232 | D:8      | Noticed a two-headed ogre
 11241 | D:8      | Killed a two-headed ogre
 11242 | D:8      | Reached skill level 11 in Conjurations
 11242 | D:8      | Reached XP level 10. HP: 63/73 MP: 7/23
 11562 | D:8      | Noticed a two-headed ogre
 11567 | D:8      | Killed a two-headed ogre
 11747 | D:8      | Reached skill level 12 in Conjurations
 11832 | D:8      | Noticed a two-headed ogre
 12268 | D:8      | Killed a two-headed ogre
 12269 | D:8      | Reached skill level 1 in Throwing
 13619 | D:9      | Reached skill level 1 in Staves
 13799 | D:9      | Found a radiant altar of Vehumet.
 13911 | D:9      | Noticed Psyche
 13916 | D:9      | Killed Psyche
 14285 | D:9      | Found a staircase to the Lair.
 14848 | D:9      | Found a stormy altar of Qazlal.
 15124 | D:10     | Entered Level 10 of the Dungeon
 15128 | D:10     | Gained mutation: You are covered in fur. (AC +1) [potion of
                  | mutation]
 15128 | D:10     | Gained mutation: You have large cloven feet. [potion of
                  | mutation]
 15156 | D:10     | Killed an unseen horror
 15215 | D:10     | Reached skill level 5 in Fighting
 15215 | D:10     | Reached XP level 11. HP: 86/86 MP: 16/24
 15299 | D:10     | Noticed Josephine
 15312 | D:10     | Killed Josephine
 15313 | D:10     | Reached skill level 10 in Spellcasting
 15444 | D:10     | Found Ismajecw's Assorted Antiques.
 15584 | D:10     | Noticed a two-headed ogre
 15593 | D:10     | Killed an unseen horror
 15593 | D:10     | Killed a two-headed ogre
 16398 | D:10     | Noticed a sun demon
 16573 | D:10     | Found a runed translucent door.
 16578 | D:10     | Noticed a stone giant
 16673 | D:10     | Noticed Snorg
 16707 | D:10     | Mangled by Snorg

Illustrated notes

Levels and vault maps discovered:
D:1:      minmay_arrival_plants_in_alcoves, layout_basic, minivault_26
D:2:      kennysheep_six_static_rooms, layout_loops_corners, feat_on_display
D:3:      layout_loops_ring, uniq_sigmund
D:4:      layout_loops_ring, skrybe_limestone_x, roderic_roman_lattice,
          minmay_misc_feat_x
D:5:      layout_basic, minmay_temple_entry_crystal_x, gup_sewer_entry_spiral
D:6:      layout_loops_cross, nicolae_overflow_hidden_temple,
          okawaru_ov_weapons_minmay, nicolae_qazlal_style_of_elements
D:7:      layout_rooms, kennysheep_ying_yang, cheibrodos_worm_habitat,
          basic_altar, enter_bailey_3, dk_noncrumbling_4,
          minmay_a_box_with_orc_wizards_in_it
D:8:      layout_layer_cave
D:9:      layout_roguey, vehumet_altar_wand_db, lair_entry_dummy, serial_bayou,
          serial_bayou_lagoon_a, serial_bayou_pond_e, serial_bayou_pond_a,
          serial_bayou_pond_e, serial_bayou_pond_d, serial_bayou_shore_a,
          basic_altar, minivault_4, uniq_psyche
D:10:     layout_basic, serial_shops, nicolae_shop_crystal, moated_statue,
          minivault_13, uniq_josephine, uniq_snorg
Temple:   eino_temple_rhombus

Skill      XL: |  1  2  3  4  5  6  7  8  9 10 11 |
---------------+----------------------------------+-----
Fighting       | 1 2 5 |  5.0
Spellcasting   | 3 4 6 7 9 11 | 11.6
Translocations | 1 2 |  2.0
Conjurations   | 5 6 7 9 11 12 | 12.0
Throwing       | 1 |  1.0
Evocations     | 2 |  2.0
Staves         | 3 4 |  4.0
Dodging        | |  1.7
Stealth        | |  1.7

Action                   |  1- 3 |  4- 6 |  7- 9 | 10-12 || total
-------------------------+-------+-------+-------+-------++-------
Melee: Unarmed           |    37 |    19 |       |       ||    56
       Tailslap          |     3 |     1 |    12 |     6 ||    22
       Dagger            |       |    14 |   100 |    15 ||   129
       Lajatang          |       |       |       |    64 ||    64
 Cast: Magic Dart        |    45 |    21 |    45 |    36 ||   147
       Searing Ray       |    17 |    28 |    83 |    55 ||   183
       Iskenderun's Myst |       |       |    27 |    27 ||    54
  Use: Scroll            |     5 |     7 |     9 |    10 ||    31
       Potion            |       |     3 |     5 |     2 ||    10
Armor: Skin              |    17 |    33 |    57 |    73 ||   180
Dodge: Dodged            |    25 |    32 |    95 |   101 ||   253
Block: Other             |       |       |    34 |    31 ||    65
       Reflection        |       |       |     5 |     2 ||     7
